 Dungeon Crawl Stone Soup version 0.24.0-13-gcf9b319 (webtiles) character file.

Game seed: 1480469848646548684, levelgen mode: deterministic

125 Balder the Shield-Bearer (level 5, 0/41 HPs)
             Began as a Human Fighter on May 2, 2020.
             Succumbed to an adder's poison
             ... on level 4 of the Dungeon.
             The game lasted 00:06:48 (1817 turns).

Balder the Shield-Bearer (Human Fighter)            Turns: 1817, Time: 00:06:49

Health: 0/41       AC:  6    Str: 23    XL:     5   Next: 30%
Magic:  5/5        EV: 13    Int:  8    God:
Gold:   123        SH: 10    Dex: 17    Spells: 4/4 levels left

rFire    . . .     SeeInvis .   a - +0 long sword
rCold    . . .     Gourm    .   c - +0 shield
rNeg     . . .     Faith    .   b - +0 scale mail
rPois    .         Spirit   .   (no helmet)
rElec    .         Reflect  .   (no cloak)
rCorr    .         Harm     .   (no gloves)
MR       .....                  (no boots)
Stlth    ++........             (no amulet)
HPRegen  0.13/turn              (no ring)
MPRegen  0.09/turn              (no ring)

@: mighty, agile, lethally poisoned (0 -> -2), very slightly contaminated,
invisible
A: no striking features
a: no special abilities


You were on level 4 of the Dungeon.
You were not hungry.

You visited 1 branch of the dungeon, and saw 4 of its levels.

You collected 123 gold pieces.

Inventory:

Hand Weapons
 a - a +0 long sword (weapon)
Missiles
 g - 3 boomerangs (quivered)
 h - 39 poisoned darts
 l - 10 javelins
Armour
 b - a +0 scale mail (worn)
 c - a +0 shield (worn)
Jewellery
 e - an uncursed ring of stealth {unknown}
Scrolls
 i - a scroll of enchant weapon {unknown}
 m - a scroll of random uselessness {unknown}
 n - a scroll of remove curse {unknown}
 o - 2 scrolls of magic mapping {unknown}
Potions
 d - a potion of might
Comestibles
 f - 8 rations
 j - 5 chunks of flesh


   Skills:
 * Level 3.4 Fighting
 * Level 3.0 Long Blades
 * Level 1.0 Throwing
 * Level 3.4 Armour
 * Level 1.1 Dodging
 * Level 1.2 Stealth
 * Level 3.6 Shields


You had 4 spell levels left.
You didn't know any spells.
Your spell library was empty.

Dungeon Overview and Level Annotations

Branches:
Dungeon (4/15)
 Temple: D:4-7

Altars:
Ru
The Shining One


Message History

The giant cockroach bites you but does no damage.
You block the adder's attack. The giant cockroach closely misses you.
You catch the helpless adder completely off-guard!
You hit the adder.
You kill the adder!
The giant cockroach misses you.
You riposte.
You catch the helpless giant cockroach completely off-guard!
You hit the giant cockroach but do no damage.
You barely miss the giant cockroach.
* * * LOW HITPOINT WARNING * * *
You feel sick. The giant cockroach closely misses you.
You block the giant cockroach's attack.
You feel very mighty all of a sudden. The giant cockroach closely misses you.
You slash the giant cockroach!
You kill the giant cockroach!
* * * LOW HITPOINT WARNING * * *
You feel sick.
You see here an adder corpse.
You die...

.. .## ...
#.# # #.# .#
###.######..#
#...........#
#..@.†.)....#
#.....<...#.#
###########


There were no monsters in sight!

Vanquished Creatures
  4 adders
  2 gnolls
  An ooze (D:2)
  A worm (D:2)
  5 dart slugs
  2 leopard geckos (D:1)
  3 giant cockroaches
  6 goblins
  5 hobgoblins
  A ball python (D:2)
  4 bats
  2 frilled lizards
  8 kobolds
  9 rats
53 creatures vanquished.

Notes
Turn   | Place    | Note
-------+----------+-------------------------------------------
     0 | D:1      | Balder the Human Fighter began the quest for the Orb.
     0 | D:1      | Reached XP level 1. HP: 18/18 MP: 1/1
   534 | D:1      | Reached XP level 2. HP: 15/24 MP: 2/2
   875 | D:2      | Reached XP level 3. HP: 28/29 MP: 3/3
  1277 | D:2      | Reached XP level 4. HP: 35/35 MP: 4/4
  1389 | D:2      | Found a sacrificial altar of Ru.
  1658 | D:3      | Found a glowing golden altar of the Shining One.
  1677 | D:3      | Reached skill level 1 in Stealth
  1683 | D:3      | Reached skill level 1 in Dodging
  1738 | D:3      | Reached skill level 1 in Throwing
  1782 | D:3      | Reached XP level 5. HP: 37/41 MP: 5/5
  1809 | D:4      | HP: 2/41 [poisoned by an adder]
  1817 | D:4      | Succumbed to an adder's poison

Levels and vault maps discovered:
D:1:      dpeg_arrival_circle_labyrinth_c, layout_basic
D:2:      layout_rooms, hangedman_ru_absence
D:3:      layout_rooms, old_standard_altar, first_ration,
          grunt_decor_mini_mirrors, uniq_jessica, uniq_grinder
D:4:      layout_basic, lemuel_round_altar, marbit_many_paths

Skill      XL: |  1  2  3  4  5 |
---------------+----------------+-----
Stealth        | 1 |  1.2
Dodging        | 1 |  1.1
Throwing       | 1 |  1.0
Long Blades    | 3 |  3.0
Fighting       | |  3.4
Armour         | |  3.4
Shields        | |  3.6

Action                   |  1- 3 |  4- 6 || total
-------------------------+-------+-------++-------
Melee: Long sword        |    92 |    66 ||   158
Throw: Boomerang         |    22 |    11 ||    33
  Use: Potion            |       |     3 ||     3
 Stab: Invisible         |       |     2 ||     2
  Eat: Chunk             |     1 |     2 ||     3
Armor: Scale mail        |    29 |    22 ||    51
Dodge: Dodged            |    36 |    26 ||    62
Block: Shield            |    54 |    38 ||    92
       Rpst.: Long sword |    10 |     9 ||    19
